 Dungeon Crawl Stone Soup version 0.25.1-8-g42b30a86e7 (webtiles) character file.

Game seed: 17550545819944034661

148 Destapler the Skirmisher (level 5, -3/46 HPs)
             Began as a Draconian Abyssal Knight on Dec 28, 2020.
             Was an Initiate of Okawaru.
             Slain by a small abomination (14 damage)
             ... created by the touch of Lugonu
             ... on level 3 of the Dungeon.
             The game lasted 00:07:45 (2256 turns).

Destapler the Skirmisher (Draconian Abyssal Knight) Turns: 2256, Time: 00:07:46

Health: -3/46      AC:  6    Str: 14    XL:     5   Next: 8%
Magic:  7/7        EV: 13    Int: 12    God:    Okawaru [......]
Gold:   159        SH:  0    Dex: 12    Spells: 4/4 levels left

rFire    . . .     SeeInvis .   a - +1 spear
rCold    . . .     Gourm    .   (no shield)
rNeg     . . .     Faith    .   (armour unavailable)
rPois    .         Spirit   .   (helmet restricted)
rElec    .         Reflect  .   (no cloak)
rCorr    .         Harm     .   c - +0 pair of gloves
MR       .....                  (no boots)
Stlth    ++........             (no amulet)
HPRegen  0.15/turn              (no ring)
MPRegen  0.10/turn              (no ring)

@: no status effects
A: unfitting armour, cold-blooded, AC +5
a: Renounce Religion


You were on level 3 of the Dungeon.
You worshipped Okawaru.
Okawaru was noncommittal.
You were hungry.

You visited 1 branch of the dungeon, and saw 3 of its levels.
You visited the Abyss 1 time.

You collected 159 gold pieces.

Inventory:

Hand Weapons
 a - a +1 spear (weapon)
Missiles
 h - a throwing net
 m - 6 javelins (quivered)
Armour
 c - a +0 pair of gloves (worn)
 l - the +2 helmet of the Beggar {*Corrode rC+ Str+4 Dex+4}
   (You took it off Robin on level 2 of the Dungeon)

   It affects your strength (+4).
   It affects your dexterity (+4).
   It protects you from cold.
   It may corrode you when you take damage.
 o - a -2 buckler
Scrolls
 d - 2 scrolls of identify
 e - 2 scrolls of blinking
 g - a scroll of remove curse
 j - 2 scrolls of amnesia {unknown}
 n - a scroll of enchant armour {unknown}
 p - a scroll of fog {unknown}
Potions
 i - a potion of flight {unknown}
 k - a potion of berserk rage {unknown}
Comestibles
 b - 5 rations
 f - 4 chunks of flesh


   Skills:
 + Level 4.0 Fighting
 - Level 2.0 Polearms
 + Level 1.5 Throwing
 * Level 3.0 Dodging
 + Level 1.8 Stealth
 * Level 0.1 Shields
 * Level 3.1 Invocations


You had 4 spell levels left.
You didn't know any spells.
Your spell library was empty.

Dungeon Overview and Level Annotations

Branches:
Dungeon (3/15)

Altars:
Dithmenos
Okawaru
Vehumet


Innate Abilities, Weirdness & Mutations

Your plain brown scales are hard. (AC +5)
You cannot fit into any form of body armour.
You are cold-blooded and may be slowed by cold attacks.


Message History

Lugonu sends minions to punish you.
Found 29 arrows.
Found a stone staircase leading down and a stone staircase leading up.
A rat and a small abomination come into view.
A worker ant, a hobgoblin and an orc come into view.
The hobgoblin shouts!
The orc shouts!
The small abomination hits you!
Found a stone staircase leading down.
The small abomination hits you!
* * * LOW HITPOINT WARNING * * *
Found a scroll of remove curse and a ration. 2 hobgoblins come into view.
You are feeling hungry.
The hobgoblin shouts!
Found a scroll labeled IDGHAEXOIRUS.
The small abomination hits you.
* * * LOW HITPOINT WARNING * * *
The rat twitches its whiskers.
The small abomination hits you!
You die...

#.......# .#####.......#########
>..............÷.....#######
.#####.......##÷............ #
.....'........+............. .
####.#.......##..............####
#.#.......##......).......#...
####'##########..............#...
............# #.@...$........#...
............# #..x..†........#...
............# #...ggg.o......#...
.....######## #......r.........##
....)# #................# .....#
#................# .....#
#................# .....#######
#................# ####.......#
#########?.........


You could see a small abomination, an orc, 3 hobgoblins and a rat.

Vanquished Creatures
  Robin (D:2)
  3 gnolls (D:2)
  3 adders
  An ooze (D:2)
  A worm (D:3)
  2 dart slugs (D:1)
  A ball python (D:1)
  A giant cockroach (D:2)
  16 goblins
  13 hobgoblins
  9 kobolds
  2 quokkas
  9 bats
  4 frilled lizards
  2 rats (D:2)
68 creatures vanquished.

Notes
Turn   | Place    | Note
-------+----------+-------------------------------------------
     0 | Abyss:1  | Destapler the Draconian Abyssal Knight began the quest for
                  | the Orb.
     0 | Abyss:1  | Reached XP level 1. HP: 19/19 MP: 2/2
     3 | Abyss:1  | Found a corrupted altar of Lugonu.
    38 | D:1      | Escaped the Abyss
   407 | D:1      | Reached XP level 2. HP: 26/26 MP: 3/3
   872 | D:2      | Reached skill level 1 in Stealth
   876 | D:2      | Reached XP level 3. HP: 27/31 MP: 4/4
   950 | D:2      | Reached ** piety under Lugonu
   978 | D:2      | Reached skill level 1 in Throwing
  1022 | D:2      | Identified the +2 helmet of the Beggar {*Corrode rC+ Str+4
                  | Dex+4}
  1022 | D:2      | Noticed Robin
  1037 | D:2      | Reached XP level 4. HP: 32/40 MP: 5/5
  1056 | D:2      | Killed Robin
  1271 | D:2      | Found a radiant altar of Vehumet.
  1281 | D:2      | Found a shadowy altar of Dithmenos.
  1769 | D:2      | Found an iron altar of Okawaru.
  1787 | D:2      | Fell from the grace of Lugonu
  1787 | D:2      | Became a worshipper of Warmaster Okawaru
  2065 | D:3      | Reached skill level 4 in Fighting
  2065 | D:3      | Reached XP level 5. HP: 41/46 MP: 7/7
  2231 | D:3      | Noticed a small abomination
  2256 | D:3      | Slain by a small abomination

Illustrated notes

Levels and vault maps discovered:
D:1:      minmay_arrival_semitransparent, layout_rooms
D:2:      layout_basic, okawaru_trees_1, amethyst_overflow_temple_binary,
          uniq_robin
D:3:      layout_basic

Skill      XL: |  1  2  3  4 |
---------------+-------------+-----
Stealth        | 1 |  1.8
Throwing       | 1 |  1.5
Invocations    | 3 |  3.1
Dodging        | 3 |  3.0
Fighting       | 4 |  4.0
Polearms       | |  2.0
Shields        | |  0.1

Action                   |  1- 3 |  4- 6 || total
-------------------------+-------+-------++-------
Melee: Spear             |   117 |   104 ||   221
       Tailslap          |    10 |     7 ||    17
Throw: Javelin           |       |     4 ||     4
Invok: Bend Space        |       |     1 ||     1
  Use: Scroll            |     1 |     2 ||     3
       Potion            |       |     1 ||     1
 Stab: Sleeping          |     1 |     1 ||     2
  Eat: Chunk             |       |     4 ||     4
Armor: Skin              |    26 |    28 ||    54
Dodge: Dodged            |    60 |    69 ||   129
